Map: Kairos Junction LE

Players

Mez - Winner!

  • Race: Terran Terran
  • League: Master
  • Spawn Location: 5:00

RrAeZza

  • Race: Zerg Zerg
  • League: Diamond
  • Spawn Location: 11:00

VOD

Have the link to the VOD?

Description

Time

  • Played on: Aug. 14, 2019, 11:03 a.m.
  • Length: 9:47
Show
View Real Time Build Order
Export as new Build Order

Mez Terran - Winner!

Build Orders: Liberator Opening, Reaper Expand 

Get SALT Encoding   

  12  0:01  SCV  
  13  0:13  SCV  
  14  0:17  Supply Depot  
  14  0:26  SCV  
  15  0:39  SCV  
  15  0:41  Barracks  
  16  0:44  Refinery  
  16  0:51  SCV  
  17  1:03  SCV  
  18  1:19  SCV  
  19  1:29  Reaper  
  19  1:31  Orbital Command  
  20  1:44  Command Center  
  20  1:52  Supply Depot  
  20  1:57  SCV  
  21  2:01  Marine  
  22  2:09  SCV  
  23  2:15  Factory  
  23  2:18  Refinery  
  23  2:24  Barracks Reactor  
  23  2:37  SCV  
  24  2:49  Engineering Bay, SCV  
  24  3:00  Orbital Command  
  24  3:03  Starport  
  24  3:05  SCV  
  25  3:08  Hellion x2  
  25  3:10  Barracks Tech Lab  
  29  3:19  SCV  
  30  3:25  Liberator  
  30  3:26  SCV  
  31  3:31  Hellion x2, Supply Depot  
  35  3:35  SCV  
  35  3:38  SCV  
  37  3:47  SCV  
  41  3:50  SCV  
  41  3:51  Marine  
  43  3:59  SCV  
  45  4:02  SCV  
  45  4:03  Supply Depot  
  45  4:08  Hellion  
  47  4:11  SCV  
  47  4:14  Hellion, SCV  
  51  4:23  SCV  
  52  4:26  Command Center  
  52  4:27  SCV  
  53  4:35  SCV, Supply Depot  
  54  4:39  SCV  
  55  4:47  SCV  
  55  4:51  SCV  
  55  4:52  Factory  
  57  4:55  Factory  
  57  4:57  Refinery, Barracks Tech Lab  
  57  4:58  Refinery  
  57  4:59  SCV  
  60  5:00  Hellion x2  
  60  5:02  Banshee  
  60  5:03  SCV  
  66  5:08  Cloaking Field  
  53  5:15  SCV x2  
  53  5:17  Supply Depot  
  55  5:27  SCV x2  
  57  5:29  Hellion x2  
  61  5:37  Armory, Factory Tech Lab  
  61  5:38  Armory, Factory Tech Lab  
  61  5:39  SCV  
  62  5:45  Banshee  
  62  5:48  Orbital Command  
  65  5:56  SCV x2  
  67  6:03  Cyclone x2  
  73  6:05  Supply Depot  
  73  6:09  SCV x2  
  75  6:16  Orbital Command  
  75  6:21  Supply Depot  
  75  6:22  Supply Depot  
  75  6:24  SCV x2  
  77  6:31  Banshee  
  77  6:32  Hellion x2  
  84  6:36  SCV x2  
  86  6:40  Supply Depot  
  86  6:48  SCV x3  
  89  6:59  Hellion x2, Cyclone x2  
  89  7:00  SCV x3, Supply Depot x2  
  102  7:02  Mag-Field Accelerator  
  102  7:04  Infernal Pre-Igniter  
  102  7:12  SCV x3  
  105  7:18  Banshee, Terran Vehicle And Ship Armor Level 1, Terran Vehicle Weapons Level 1, Supply Depot  
  108  7:24  SCV x3  
  111  7:37  Refinery  
  111  7:38  Refinery  
  111  7:39  Command Center  
  111  7:42  Cyclone x2  
  111  7:43  Hellion x2  
  121  7:47  SCV x3  
  121  7:49  Supply Depot  
  121  7:53  Supply Depot  
  121  7:55  Supply Depot  
  121  8:09  Banshee  
  124  8:18  Hellion, Cyclone x2  
  124  8:19  Hellion  
  134  8:40  Factory, SCV x3  
  135  8:41  Factory  
  131  8:50  Cyclone x2  
  131  8:55  Hellion x2  
  130  9:09  Orbital Command  
  130  9:16  Hellion, Command Center  
  130  9:17  Command Center  
  140  9:24  Supply Depot  
  140  9:28  Supply Depot x2  
  140  9:36  Factory Tech Lab x2  
Show
View Real Time Build Order
Export as new Build Order

RrAeZza Zerg 

Build Orders: Hatch First 

Get SALT Encoding   

  12  0:01  Drone  
  13  0:12  Overlord  
  13  0:16  Drone  
  14  0:32  Drone x2  
  14  0:35  Drone  
  17  0:54  Hatchery  
  17  0:56  Drone  
  17  1:00  Drone  
  18  1:10  Extractor  
  17  1:16  Spawning Pool  
  16  1:19  Drone  
  16  1:22  Drone  
  18  1:28  Drone  
  19  1:39  Overlord  
  19  1:50  Drone  
  20  2:03  Queen  
  20  2:04  Zergling x2  
  20  2:06  Queen  
  20  2:07  Zergling x2  
  26  2:15  Drone  
  27  2:16  Metabolic Boost  
  27  2:19  Drone  
  28  2:26  Drone  
  29  2:32  Drone  
  29  2:47  Overlord  
  28  3:08  Queen  
  28  3:10  Drone x6  
  36  3:13  Hatchery  
  35  3:21  Drone x4  
  39  3:28  Drone x2  
  39  3:30  Overlord  
  39  3:33  Overlord  
  41  3:44  Drone x2  
  43  3:50  Queen  
  43  3:53  Queen  
  47  3:59  Zergling x8  
  47  4:00  Baneling Nest  
  50  4:07  Zergling x4  
  52  4:20  Overlord x2  
  52  4:24  Spore Crawler  
  52  4:25  Spore Crawler  
  52  4:27  Queen  
  52  4:29  Queen  
  54  4:34  Drone x4  
  54  4:38  Spore Crawler  
  57  4:45  Baneling x4  
  57  4:46  Drone  
  57  4:48  Lair  
  57  4:50  Drone  
  59  4:56  Drone x6  
  65  5:01  Drone  
  65  5:06  Evolution Chamber x2  
  62  5:22  Drone x8  
  62  5:26  Extractor  
  62  5:27  Extractor  
  68  5:39  Extractor  
  68  5:40  Drone x6  
  68  5:42  Extractor  
  69  6:04  Drone  
  69  6:05  Drone x3  
  73  6:17  Zerg Ground Armor Level 1  
  73  6:30  Overlord x2  
  73  6:31  Overlord  
  73  6:36  Overlord x3  
  73  6:37  Overlord x2  
  73  6:49  Drone x5  
  73  6:52  Hatchery  
  77  6:54  Zerg Melee Weapons Level 1, Centrifical Hooks  
  77  6:57  Zergling x10  
  82  7:06  Drone x2  
  84  7:09  Overseer  
  84  7:11  Hydralisk Den, Overseer  
  83  7:17  Overlord x2  
  83  7:18  Zergling x6  
  83  7:19  Zergling x2  
  87  7:29  Overlord  
  87  7:30  Zergling x8  
  87  7:33  Drone x2  
  90  7:38  Drone x4  
  94  7:49  Muscular Augments  
  94  7:53  Extractor  
  94  7:55  Zergling x12  
  94  7:57  Overlord x2  
  99  8:00  Baneling x2  
  99  8:04  Queen  
  99  8:05  Drone  
  99  8:06  Drone x3  
  99  8:12  Zergling x2  
  99  8:13  Zergling x4  
  96  8:24  Zergling x2  
  96  8:25  Zergling x16  
  96  8:36  Zergling x2  
  96  8:37  Zergling x8  
  99  8:44  Hydralisk x2  
  99  8:45  Hydralisk  
  98  8:53  Zergling x2, Hydralisk  
  100  9:01  Queen x3  
  87  9:13  Zergling x2, Hydralisk x4  
  87  9:14  Zergling x2  
  95  9:20  Overseer  
  95  9:25  Hatchery  
Tags
 
Add a new tag
Caveats
  • Supply blocks, unpowered buildings, or Contaminate may cause inaccurate times.
  • Supply counts are checked every 10 seconds.